Map: Blackpink LE

Players

SamuraiFunn - Winner!

  • Race: Protoss Protoss
  • League: Platinum
  • Spawn Location: 7:00

fed

  • Race: Zerg Zerg
  • Spawn Location: 1:00

VOD

Have the link to the VOD?

Description

Time

  • Played on: Nov. 25, 2017, 6:39 p.m.
  • Length: 10:34
Show
View Real Time Build Order
Export as new Build Order

SamuraiFunn Protoss - Winner!

Build Orders: 1 Gate Expand 

Get SALT Encoding   

  12  0:01  Probe  
  13  0:13  Probe  
  14  0:18  Pylon  
  14  0:25  Probe  
  15  0:37  Gateway  
  15  0:39  Probe (Chrono Boost)  
  17  0:51  Probe (Chrono Boost)  
  17  0:54  Probe (Chrono Boost)  
  18  1:05  Probe  
  19  1:18  Nexus  
  19  1:20  Probe  
  20  1:29  Assimilator  
  20  1:32  Zealot  
  22  1:40  Pylon  
  22  1:45  Probe  
  23  1:58  Probe  
  24  2:05  Cybernetics Core  
  24  2:10  Probe  
  25  2:25  Zealot  
  25  2:27  Gateway, Probe  
  28  2:31  Probe  
  29  2:39  Probe  
  29  2:40  Assimilator  
  29  2:43  Probe  
  31  2:55  Probe  
  31  2:56  Probe  
  31  2:57  Pylon  
  33  3:02  Stalker  
  33  3:05  Warp Gate (Chrono Boost)  
  35  3:08  Probe x2  
  37  3:15  Stalker  
  39  3:20  Probe x2, Assimilator  
  41  3:32  Probe  
  41  3:33  Probe  
  43  3:34  Stalker  
  43  3:36  Gateway  
  45  3:51  Stalker  
  45  3:52  Probe  
  45  3:53  Probe  
  49  4:03  Assimilator  
  49  4:15  Probe x2  
  51  4:31  Probe  
  51  4:32  Probe  
  51  4:34  Pylon  
  51  4:36  Robotics Facility  
  53  4:49  Pylon  
  53  4:50  Pylon  
  53  4:55  Probe x2  
  53  4:56  Stalker x3  
  61  5:07  Probe x2  
  63  5:20  Stalker x3  
  69  5:27  Robotics Facility  
  69  5:28  Gateway  
  69  5:30  Gateway  
  69  5:34  Probe x2  
  69  5:35  Forge  
  71  5:36  Forge  
  71  5:46  Probe  
  72  5:55  Probe  
  73  5:57  Observer, Twilight Council  
  73  5:58  Probe  
  73  6:03  Stalker  
  77  6:07  Probe  
  77  6:09  Protoss Ground Armor Level 1, Protoss Ground Weapons Level 1  
  78  6:17  Pylon  
  78  6:20  Pylon  
  78  6:27  Pylon  
  78  6:30  Pylon  
  78  6:35  Probe, Pylon  
  78  6:36  Observer  
  78  6:37  Probe  
  81  6:48  Probe, Nexus  
  81  6:50  Pylon  
  81  6:52  Probe  
  81  6:53  Pylon  
  83  7:02  Observer  
  83  7:03  Probe  
  83  7:05  Stalker  
  83  7:06  Stalker x2  
  91  7:19  Warp Prism  
  93  7:23  Observer  
  94  7:30  Blink (Chrono Boost)  
  94  7:42  Probe  
  94  7:43  Probe, Stalker  
  94  7:44  Immortal, Stalker x4  
  110  7:58  Probe x2  
  110  8:03  Protoss Shields Level 1  
  110  8:05  Probe  
  113  8:07  Assimilator  
  113  8:08  Zealot x3  
  113  8:09  Templar Archives, Zealot x2  
  113  8:10  Probe, Assimilator  
  124  8:13  Protoss Ground Weapons Level 2  
  124  8:18  Probe x2  
  126  8:35  Probe x3  
  126  8:40  Stalker x5  
  139  8:47  Probe x3  
  142  9:10  Probe x2  
  142  9:13  Stalker x2  
  148  9:25  Gateway x2, Nexus  
  148  9:27  Pylon  
  148  9:28  Gateway  
  148  9:29  Gateway, Pylon  
  148  9:32  Assimilator  
  148  9:36  Assimilator  
  148  9:41  Pylon  
  148  9:44  Pylon  
  148  9:49  Immortal x2  
  148  9:50  Pylon  
  146  10:12  Photon Cannon  
  146  10:16  Photon Cannon  
  146  10:19  Photon Cannon  
Show
View Real Time Build Order
Export as new Build Order

fed Zerg 

Build Orders: Hatch First 

Get SALT Encoding   

  12  0:04  Drone  
  13  0:13  Drone  
  14  0:21  Overlord  
  14  0:52  Drone x3  
  17  0:58  Hatchery  
  16  1:05  Overlord  
  16  1:21  Spawning Pool  
  16  1:25  Drone  
  16  1:34  Drone  
  17  1:40  Drone  
  17  1:41  Extractor  
  17  1:53  Drone  
  18  1:54  Evolution Chamber  
  18  1:59  Drone  
  18  2:09  Queen  
  18  2:12  Drone  
  21  2:41  Drone x3  
  24  2:44  Queen  
  26  2:52  Hatchery  
  25  3:00  Drone x3  
  28  3:17  Extractor  
  27  3:36  Drone x3  
  30  3:49  Hatchery  
  30  3:53  Hatchery  
  28  4:05  Drone x2  
  30  4:23  Drone, Overlord x2  
  31  4:43  Overlord x3  
  31  4:48  Extractor  
  31  4:52  Extractor  
  29  4:54  Drone x3  
  29  4:58  Queen  
  34  5:01  Queen  
  34  5:06  Lair  
  36  5:09  Drone x3  
  39  5:22  Drone x2  
  39  5:26  Drone x2  
  43  5:34  Queen  
  45  5:37  Queen  
  45  5:42  Drone x4  
  51  5:43  Drone x2  
  51  5:45  Drone x2  
  51  5:46  Drone  
  56  5:51  Drone x3  
  59  6:09  Drone x3  
  62  6:14  Drone x2  
  64  6:25  Metabolic Boost  
  64  6:28  Drone x3  
  67  6:43  Drone x3  
  70  6:52  Roach Warren  
  70  6:53  Spire  
  68  7:03  Hydralisk Den  
  67  7:11  Infestation Pit  
  66  7:15  Drone  
  66  7:16  Drone x2  
  69  7:29  Drone x2  
  71  7:30  Drone  
  71  7:35  Drone x3  
  75  7:43  Extractor  
  74  7:46  Extractor  
  73  7:51  Drone  
  73  7:52  Drone x2  
  76  8:03  Zerg Melee Weapons Level 1  
  76  8:13  Mutalisk  
  76  8:18  Overlord x2  
  78  8:23  Overlord x3  
  78  8:26  Overlord  
  78  8:27  Overlord x2  
  78  8:30  Overlord x3  
  78  8:39  Mutalisk  
  78  8:40  Mutalisk x2  
  84  8:44  Mutalisk x2  
  88  8:57  Mutalisk x2  
  88  9:00  Mutalisk  
  94  9:24  Mutalisk x2  
  94  9:25  Mutalisk  
  94  9:31  Mutalisk  
  90  10:15  Drone x2  
Tags
 
Add a new tag
Caveats
  • Supply blocks, unpowered buildings, or Contaminate may cause inaccurate times.
  • Supply counts are checked every 10 seconds.